 Dungeon Crawl Stone Soup version 0.19.5 (webtiles) character file.

552 sankara the Transmogrifier (level 7, -1/64 HPs)
             Began as a Black Draconian Transmuter on Mar 26, 2017.
             Killed from afar by an orc wizard (9 damage)
             ... with a magic dart
             ... on level 4 of the Dungeon.
             The game lasted 00:12:21 (3844 turns).

sankara the Transmogrifier (DrTm)                   Turns: 3844, Time: 00:12:24

Health: -1/64      AC: 10    Str: 12    XL:     7   Next: 8%
Magic:  3/10       EV: 21    Int: 13    God:
Gold:   181        SH:  0    Dex: 19    Spells: 3 memorised, 4 levels left

rFire  . . .     SeeInvis .       - Unarmed
rCold  . . .     Gourm    .     (armour unavailable)
rNeg   . . .     Faith    .     (no shield)
rPois  .         Spirit   .     (helmet restricted)
rElec  +         Reflect  .     p - -2 cloak (curse)
rCorr  .         Harm     .     o - +2 pair of gloves
MR     .....                    k - +1 pair of boots
Stlth  +++.......               (no amulet)
                                (no ring)
                                (no ring)

@: agile, appendage (expiring), very slightly contaminated, slowed, very slow
A: breathe lightning, unfitting armour, horns 2, electricity resistance,
cold-blooded, AC +6
a: Breathe Lightning, End Transformation


You were on level 4 of the Dungeon.
You were not hungry.
You had grown temporary horns.
You visited 1 branch of the dungeon, and saw 4 of its levels.

You collected 181 gold pieces.

Inventory:

Missiles
 a - 55 arrows
 j - 2 throwing nets (quivered)
Armour
 k - a +1 pair of boots (worn)
 m - a +0 buckler
 o - a +2 pair of gloves (worn)
 p - a cursed -2 cloak (worn)
Scrolls
 q - 6 scrolls of identify
Potions
 e - a potion of curing
 f - 2 potions of agility
 l - a potion of brilliance {unknown}
 n - a potion of lignification
 r - a potion of cancellation {unknown}
 s - a potion of berserk rage {unknown}
Books
 b - a book of Changes

   Spells                             Type                      Level
   a - Beastly Appendage              Transmutation                1
   b - Sticks to Snakes               Transmutation                2
   c - Spider Form                    Transmutation/Poison         3
   d - Ice Form                       Ice/Transmutation            4
   e - Blade Hands                    Transmutation                5
Comestibles
 c - 3 bread rations
 d - a slice of pizza
 g - 5 chunks of flesh
 i - 2 meat rations


   Skills:
 + Level 6.8 Fighting
 + Level 5.4 Dodging
 - Level 0.2 Stealth
 + Level 7.3 Unarmed Combat
 - Level 2.0 Spellcasting
 * Level 9.2 Transmutations


You had 4 spell levels left.
You knew the following spells:

 Your Spells              Type           Power        Failure   Level  Hunger
a - Beastly Appendage     Tmut           ####..       1%          1    ##.....
b - Sticks to Snakes      Tmut           ####....     1%          2    ###....
c - Spider Form           Tmut/Pois      ##........   12%         3    ####...


Dungeon Overview and Level Annotations

Branches:
Dungeon (4/15)
 Temple: D:4-7

Altars:
Cheibriados
Gozag
Trog


Innate Abilities, Weirdness & Mutations

You can breathe wild blasts of lightning.
Your glossy black scales are hard. (AC +6)
You cannot fit into any form of body armour.
You are resistant to electric shocks. (rElec)
You are cold-blooded and may be slowed by cold attacks.
You have a pair of horns on your head.


Message History

Confirm with . or Enter, or press ? or * to list all spells.
You miscast Spider Form.
You are very lightly contaminated with residual magic.
You feel a strange surge of energy!
It was a potion of experience.
You feel more experienced!
Your Fighting skill gained 4 levels and is now at level 6!
Your Dodging skill gained 4 levels and is now at level 5!
Your Unarmed Combat skill gained 3 levels and is now at level 7!
Your Transmutations skill gained 5 levels and is now at level 9!
You have reached level 7!
Your scales start taking on a glossy black colour.
You learn Air Magic much quicker.
You learn Earth Magic much slower.
You can breathe wild blasts of lightning.
You feel insulated.
The orc wizard gestures at you while chanting.
The magic dart hits you!
The orc wizard points at you and mumbles some strange words.
The magic dart hits you!
You die...

#...........#
#.###########
#.# #.#
#.######
#......#
#####.##
.#########.#
......o.@..#
##.#######.#
###


You could see an orc wizard.

Vanquished Creatures
  2 orc wizards (D:4)
  An orc priest (D:4)
  A gnoll shaman (D:3)
  3 gnolls (D:3)
  5 adders
  2 worms
  3 dart slugs
  3 leopard geckos
  6 orcs
  3 giant cockroaches (D:2)
  9 goblins
  9 hobgoblins
  6 jackals (D:1)
  8 kobolds
  2 quokkas
  3 ball pythons
  10 bats
  8 rats
84 creatures vanquished.

Notes
Turn   | Place    | Note
-------+----------+-------------------------------------------
     0 | D:1      | sankara the Draconian Transmuter began the quest for the Orb.
     0 | D:1      | Reached XP level 1. HP: 16/16 MP: 3/3
   105 | D:1      | Reached XP level 2. HP: 5/23 MP: 5/5
   171 | D:1      | Learned a level 2 spell: Sticks to Snakes
   866 | D:1      | Reached XP level 3. HP: 24/28 MP: 6/6
  1380 | D:2      | Found an opulent altar of Gozag.
  1462 | D:2      | Learned a level 3 spell: Spider Form
  1917 | D:2      | Reached skill level 3 in Transmutations
  2021 | D:2      | Reached XP level 4. HP: 33/36 MP: 7/7
  2029 | D:2      | Found a snail-covered altar of Cheibriados.
  2031 | D:2      | Found a bloodstained altar of Trog.
  3025 | D:3      | Reached XP level 5. HP: 19/41 MP: 2/8
  3471 | D:3      | Reached skill level 4 in Transmutations
  3839 | D:4      | Reached XP level 6. HP: 11/50 MP: 5/9
  3844 | D:4      | Reached skill level 5 in Dodging
  3844 | D:4      | Reached skill level 9 in Transmutations
  3844 | D:4      | Your scales start taking on a glossy black colour.
  3844 | D:4      | Reached XP level 7. HP: 8/64 MP: 3/10
  3844 | D:4      | Gained mutation: You are resistant to electric shocks. (rElec) [Black Draconian growth]
  3844 | D:4      | Killed from afar by an orc wizard

Skill      XL: |  1  2  3  4  5  6 |
---------------+-------------------+-----
Unarmed Combat | 4 7 |  7.3
Transmutations | 3 4 9 |  9.2
Fighting       | 2 6 |  6.8
Dodging        | 5 |  5.4
Stealth        | |  0.2
Spellcasting   | |  2.0

Action                   |  1- 3 |  4- 6 |  7- 9 || total
-------------------------+-------+-------+-------++-------
Melee: Unarmed           |   162 |   155 |       ||   317
       Tailslap          |    14 |    16 |       ||    30
       Punch             |     1 |     1 |       ||     2
       Headbutt          |     3 |     6 |       ||     9
 Cast: Beastly Appendage |     5 |     6 |       ||    11
       Spider Form       |       |     2 |       ||     2
  Use: Scroll            |     5 |     2 |       ||     7
       Potion            |       |     3 |       ||     3
 Stab: Sleeping          |       |     1 |       ||     1
  Eat: Chunk             |     4 |     6 |       ||    10
Armor: Skin              |    50 |    50 |     1 ||   101
Dodge: Dodged            |   122 |   109 |       ||   231
